 Dungeon Crawl Stone Soup version 0.32-a0-30-gefbe487952 (webtiles) character file.

Game seed: 18403555631833970879

34 Morbidden the Caller (level 3, 32/32 HPs)
             Began as a Troll Summoner on Jan 19, 2024.
             Quit the game on level 1 of the Dungeon.
             The game lasted 00:01:17 (704 turns).

Morbidden the Caller (Troll Summoner)                Turns: 704, Time: 00:01:18

Health: 32/32      AC:  4    Str: 18    XL:     3   Next: 14%
Magic:  3/3        EV: 10    Int: 11    God:
Gold:   18         SH:  0    Dex: 10    Spells: 2/4 levels left

rFire   . . .        (no weapon)
rCold   . . .        (no shield)
rNeg    . . .        a - +0 robe
rPois   .            (helmet restricted)
rElec   .            (no cloak)
rCorr   .            (gloves unavailable)
SInv    .            (boots unavailable)
Will    .....        (no amulet) Stlth
                     (no ring)
HPRegen 1.05/turn    (no ring)
MPRegen 0.08/turn

%: no passive effects
@: silenced
A: large, unfitting armour, claws 3, regeneration 1, shaggy fur 1, tough skin 1
a: no special abilities


You were on level 1 of the Dungeon.
You visited 1 branch of the dungeon, and saw 1 of its levels.

You collected 18 gold pieces.

Inventory:

Missiles
 d - 9 stones
Armour
 a - a +0 robe (worn)
Scrolls
 f - a scroll of enchant armour
Potions
 b - a potion of magic
 e - a potion of degeneration {unknown}


   Skills:
 * Level 0.6 Fighting
 * Level 0.2 Armour
 * Level 1.8 Dodging
 + Level 1.0 Stealth
 + Level 0.2 Unarmed Combat
 * Level 1.3 Spellcasting
 * Level 3.4 Summonings


You had 2 spell levels left.
You knew the following spells:

 Your Spells              Type           Power      Damage    Failure   Level
a - Summon Small Mammal   Summ           32%        N/A       8%          1
b - Magic Dart            Conj           0%         1d3       32%         1

Your spell library contained the following spells:

 Spells                   Type           Power      Damage    Failure   Level
 Call Imp                 Summ           16%        N/A       12%         2
 Searing Ray              Conj           0%         2d4       43%         2
 Call Canine Familiar     Summ           8%         N/A       22%         3
 Summon Blazeheart Golem  Fire/Summ      4%         N/A       83%         4
 Summon Lightning Spire   Summ/Air       4%         N/A       83%         4
 Fulminant Prism          Conj/Alch      0%         3d5       97%         4


Dungeon Overview and Level Annotations

Branches:
Dungeon (1/15)

Altars:


Innate Abilities, Weirdness & Mutations

You are too large for most types of armour.
You have claws for hands.
Your natural rate of healing is unusually fast.
You are covered in fur. (AC +1)
You have tough skin. (AC +1)


Message History

No target in view!
No target in view!
No target in view!
No target in view!
No target in view!
No target in view!
No target in view!
Unknown command.
You start memorising the spell.
You continue memorising.
You finish memorising.
Spell assigned to 'b'.
Adjust (i)tems, (s)pells, or (a)bilities?
Adjust which spell?
Okay, then.
Unknown command.
Okay, then.
Unknown command.
Adjust (i)tems, (s)pells, or (a)bilities?
Adjust which spell?
Okay, then.
h - a scroll labelled TOOSKUUCW CADE A bat is nearby!
A bat is nearby!
A bat is nearby!
A bat is nearby!
As you read the scroll labelled DIHOOC SOSONU, it crumbles to dust.
It is a scroll of identify.
f - a scroll of enchant armour
As you read the scroll labelled MAT DYUHUR NUH, it crumbles to dust.
You hear the flapping of tiny wings.
It was a scroll of butterflies.
Unknown command.
As you read the scroll labelled TOOSKUUCW CADE, it crumbles to dust.
A profound silence engulfs you.
It was a scroll of silence.
The bat hits your butterfly.
Your butterfly dies!
Your butterfly disappears in a burst of colours!
Unknown command.
Unknown command.
Magic scrolls do not work when you're silenced!
Unknown command.
Are you sure you want to abandon this character and quit the game? (Confirm with "yes".) # ########## # ##.bbbbbb.# # ##.b.bbbbbb# ##### ##b.bbbbbbbb#

....######.)#bbb@bbbb#
.....#.....###bb######
.............bbb.#
...........b.bb..#
.............#....#
.............#bb....
.............#...#...
.###.............>...
.≈≈#.............#....


You could see a bat (ally target).

Vanquished Creatures
  2 ball pythons (D:1)
  4 endoplasms (D:1)
  2 giant cockroaches (D:1)
  6 goblins (D:1)
  A hobgoblin (D:1)
  3 jackals (D:1)
  3 quokkas (D:1)
  3 bats (D:1)
  A frilled lizard (D:1)
  3 kobolds (D:1)
  A rat (D:1)
29 creatures vanquished.

Notes
Turn   | Place    | Note
-------+----------+-------------------------------------------
     0 | D:1      | Morbidden the Troll Summoner began the quest for the Orb.
     0 | D:1      | Reached XP level 1. HP: 16/16 MP: 1/1
     8 | D:1      | Reached skill level 3 in Summonings
    85 | D:1      | Reached XP level 2. HP: 25/26 MP: 2/2
   348 | D:1      | Reached XP level 3. HP: 24/32 MP: 3/3
   688 | D:1      | Learned a level 1 spell: Magic Dart
   704 | D:1      | Quit the game

Illustrated notes

Levels and vault maps discovered:
D:1:      dpeg_arrival_pond, layout_rooms, chequers_decorated_corner,
          minmay_surrounded

Skill      XL: |  1 |
---------------+----+-----
Summonings     | 3 |  3.4
Fighting       | |  0.6
Armour         | |  0.2
Dodging        | |  1.8
Stealth        | |  1.0
Unarmed Combat | |  0.2
Spellcasting   | |  1.3

Action                     || total
---------------------------++-------
  Melee: Unarmed           ||    80
   Cast: Summon Small Mamm ||     8
    Use: Scroll            ||     3
 Armour: Robe              ||    60
  Dodge: Dodged            ||    32

Table legend: (Time is in decaauts)
 A = Elapsed time spent in this place.
 B = Non-inter-level travel time spent in this place.
 C = Inter-level travel time spent in this place.
 D = Time resting spent in this place.
 E = Time spent auto-exploring this place.
 F = Levels seen in this place.
 G = Mean time per level.
                   A        B        C        D        E       F      G
               +--------+--------+--------+--------+--------+-----+--------+
         Total |    704 |    704 |      0 |    212 |    314 |   1 |  704.0 |
       Dungeon |    704 |    704 |      0 |    212 |    314 |   1 |  704.0 |
               +--------+--------+--------+--------+--------+-----+--------+

Top non-repeatable levels by time:
     D:1: 704 daAuts
